 Dungeon Crawl Stone Soup version 0.31-a0-358-gac0dbeb3ab (webtiles) character file.

Game seed: 12105805253077196996

86 EC1 the Chiller (level 4, -2/27 (33) HPs)
             Began as a Human Wanderer on July 26, 2023.
             Was a Follower of Dithmenos.
             Slain by a gnoll
             ... wielding a +0 flail
              (5 damage)
             ... on level 2 of the Dungeon.
             The game lasted 00:04:18 (1533 turns).

EC1 the Chiller (Human Wanderer)                    Turns: 1533, Time: 00:04:18

HP:   -2/27 (33)    AC:  8    Str: 13    XL:     4   Next: 78%
MP:   5/5           EV:  6    Int: 14    God:    Dithmenos [*.....]
Gold: 82            SH:  0    Dex: 12    Spells: 4/5 levels left

rFire   . . .        h - +0 war axe
rCold   . . .        (no shield)
rNeg    . . .        e - +0 chain mail
rPois   .            (no helmet)
rElec   .            (no cloak)
rCorr   .            (no gloves)
SInv    .            (no boots)
Will    .....        (no amulet) Stlth
                     (no ring)
HPRegen 0.24/turn    (no ring)
MPRegen 0.09/turn

%: no passive effects
@: wreathed by umbra, heavily drained
A: no striking features
a: Renounce Religion


You were on level 2 of the Dungeon.
You worshipped Dithmenos.
Dithmenos was aware of your devotion.
You visited 1 branch of the dungeon, and saw 2 of its levels.

You collected 82 gold pieces.

Inventory:

Hand Weapons
 a - a +0 club
 d - a +0 hand axe
 h - a +0 war axe (weapon)
Armour
 c - a +0 ring mail
 e - a +0 chain mail (worn)
Scrolls
 b - 2 scrolls of teleportation
Potions
 g - a potion of curing


   Skills:
 + Level 1.7 Fighting
 + Level 2.0 Axes
 + Level 0.1(1.1) Maces & Flails
 + Level 2.0 Armour
 + Level 0.4 Dodging
 + Level 1.0 Spellcasting
 + Level 2.0 Transmutations
 + Level 3.5 Ice Magic
 + Level 2.1 Evocations


You had 4 spell levels left.
You knew the following spells:

 Your Spells              Type           Power      Damage    Failure   Level
a - Freeze                Ice            40%        1d6       77%         1

Your spell library contained the following spells:

 Spells                   Type           Power      Damage    Failure   Level
 Wereblood                Tmut           6%         N/A       98%         2
 Summon Small Mammal      Summ           0%         N/A       99%         1
 Passwall                 Tmut/Erth      2%         N/A       99%         2
 Call Canine Familiar     Summ           0%         N/A       100%        3
 Hailstorm                Conj/Ice       5%         3d4       100%        3
 Portal Projectile        Hex/Tloc       0%         N/A       100%        3
 Summon Guardian Golem    Hex/Summ       0%         N/A       100%        3
 Tukima's Dance           Hex            0%         N/A       100%        3
 Iskenderun's Mystic Bla  Conj/Tloc      0%         2d3       100%        4
 Summon Ice Beast         Ice/Summ       5%         N/A       100%        4
 Orb of Destruction       Conj           0%         9d5       100%        7
 Spellforged Servitor     Conj/Summ      0%         N/A       100%        7


Dungeon Overview and Level Annotations

Branches:
Dungeon (2/15)

Altars:
Dithmenos


Message History

The gnoll hits you but does no damage.
You feel drained.
You hit the gnoll.
The gnoll is severely wounded.
The gnoll barely misses you.
The gnoll hits you with a +3 whip of draining.
You feel drained.
You closely miss the gnoll.
The gnoll is severely wounded.
The gnoll hits you with a +3 whip of draining.
You feel drained.
You slash the gnoll!
You kill the gnoll!
Dithmenos accepts your kill.
You hit the gnoll.
The gnoll is moderately wounded.
The gnoll hits you with a +0 whip. The gnoll closely misses you.
You closely miss the gnoll.
The gnoll is moderately wounded.
The gnoll hits you with a +0 whip.
You hit the gnoll.
The gnoll is severely wounded.
The gnoll barely misses you. The gnoll hits you but does no damage.
You hit the gnoll.
You kill the gnoll!
Dithmenos accepts your kill.
Your Axes skill increases to level 2!
You barely miss the gnoll. The gnoll barely misses you.
You hit the gnoll.
The gnoll is moderately wounded.
The gnoll hits you with a +0 flail! The gnoll hits you with a +0 flail.
You closely miss the gnoll.
The gnoll is moderately wounded.
The gnoll hits you with a +0 flail.
* * * LOW HITPOINT WARNING * * *
You hit the gnoll.
The gnoll is heavily wounded.
The gnoll hits you with a +0 flail.
* * * LOW HITPOINT WARNING * * *
The gnoll hits you with a +0 flail.
You die...

.......##♣.♣P♣P8P♣P♣P♣##..).....
#...............†...#...### #
#.##♣.♣P♣P8P♣P♣P♣####.### #
#.#.############### #.. .
##.#...#.# .### #.....##.######
#. #.............# #.
#........####.# #+ #..)..####
#@# ####### #g# #.......#
#....<..# #.......# #.......#
#.......# #......... #.......##


You could see a gnoll.

Vanquished Creatures
  Terence (D:2)
  2 gnolls (D:2)
  An adder (D:2)
  2 worms (D:2)
  2 endoplasms (D:1)
  2 giant cockroaches
  2 goblins (D:1)
  2 hobgoblins
  4 jackals (D:1)
  A kobold (D:1)
  2 quokkas (D:1)
  3 ball pythons
  A bat (D:1)
  A rat (D:1)
26 creatures vanquished.

Notes
Turn   | Place    | Note
-------+----------+-------------------------------------------
     0 | D:1      | EC1 the Human Wanderer began the quest for the Orb.
     0 | D:1      | EC1 set off with the following items: a +0 club, a scroll
                  | of teleportation, a +0 ring mail; and the following spell
                  | memorised: Freeze; and the following spells available to
                  | memorise: Wereblood, Passwall, Hailstorm, Summon Ice Beast.
     0 | D:1      | Reached XP level 1. HP: 15/15 MP: 2/2
   171 | D:1      | Reached XP level 2. HP: 21/21 MP: 3/3
   764 | D:1      | Found a faded altar of an unknown god.
   789 | D:1      | Prayed at the altar of an unknown god.
   789 | D:1      | Became a worshipper of Dithmenos the Shadowed
   789 | D:1      | Reached * piety under Dithmenos
   883 | D:1      | Reached XP level 3. HP: 22/26 MP: 4/4
  1233 | D:2      | Reached skill level 1 in Axes
  1243 | D:2      | Noticed Terence
  1252 | D:2      | Killed Terence
  1253 | D:2      | Reached XP level 4. HP: 20/32 MP: 5/5
  1533 | D:2      | Slain by a gnoll

Illustrated notes

Levels and vault maps discovered:
D:1:      nzn_arrival_crosshair, layout_basic,
          hellmonk_ecumenical_altar_pennies_from_heaven
D:2:      layout_basic, dreamdust_princess_corridor, uniq_terence,
          uniq_crazy_yiuf_cottage

Skill      XL: |  1  2  3  4 |
---------------+-------------+-----
Axes           | 1 2 |  2.0
Armour         | 2 |  2.0
Fighting       | |  1.7
Maces & Flails | |  0.1
Dodging        | |  0.4
Spellcasting   | |  1.0
Transmutations | |  2.0
Ice Magic      | |  3.5
Evocations     | |  2.1

Action                     |  1- 3 |  4- 6 || total
---------------------------+-------+-------++-------
  Melee: Hand axe          |    43 |       ||    43
         Club              |     6 |       ||     6
         War axe           |    29 |    33 ||    62
         Punch             |     1 |       ||     1
    Use: Potion            |     4 |       ||     4
         Scroll            |     2 |       ||     2
 Armour: Ring mail         |    36 |       ||    36
         Chain mail        |       |    13 ||    13
  Dodge: Dodged            |    72 |    11 ||    83

Table legend: (Time is in decaauts)
 A = Elapsed time spent in this place.
 B = Non-inter-level travel time spent in this place.
 C = Inter-level travel time spent in this place.
 D = Time resting spent in this place.
 E = Time spent auto-exploring this place.
 F = Levels seen in this place.
 G = Mean time per level.
                   A        B        C        D        E       F      G
               +--------+--------+--------+--------+--------+-----+--------+
         Total |   1578 |   1578 |      0 |    402 |    231 |   2 |  789.0 |
       Dungeon |   1578 |   1578 |      0 |    402 |    231 |   2 |  789.0 |
               +--------+--------+--------+--------+--------+-----+--------+

Top non-repeatable levels by time:
     D:1: 1105 daAuts
     D:2: 473 daAuts
